 Dungeon Crawl Stone Soup version 0.18-a0-946-g3ac5b32 (webtiles) character file.

2076 4thArraOfDagon the Reanimator (level 9, -2/62 HPs)
             Began as a Mummy Necromancer on Dec 29, 2015.
             Was a Priest of Okawaru.
             Slain by a hill giant
             ... wielding a +0 giant club
              (29 damage)
             ... on level 12 of the Dungeon.
             The game lasted 00:22:41 (4254 turns).

4thArraOfDagon the Reanimator (Mummy Necromancer)   Turns: 4254, Time: 00:22:42

Health: -2/62      AC: 13    Str: 11    XL:     9   Next: 6%
Magic:  14/15      EV: 14    Int: 18    God:    Okawaru [***...]
Gold:   277        SH:  0    Dex: 15    Spells: 6 memorised, 1 level left

rFire  x . .     SeeInvis .     e - +2 whip (venom)
rCold  + . .     Gourm    .     g - +0 ring mail
rNeg   + + +     Faith    .     (no shield)
rPois  ∞         Spirit   .     n - +0 helmet
rElec  .         Dismiss  .     x - +0 cloak
rCorr  .         Reflect  .     c - +2 pair of gloves "Pedu" {Dex+3}
SustAt .         Harm     .     z - +0 pair of boots
MR     ++...                    (no amulet)
Stlth  +++.......               (no ring)
                                j - ring of protection from magic

@: heroism, very resistant to hostile enchantments, fairly stealthy
A: no food or potions, fire vulnerability, cold resistance 1, negative energy
resistance 3, torment resistance, unbreathing
a: Heroism, Renounce Religion


You were on level 12 of the Dungeon.
You worshipped Okawaru.
Okawaru was most pleased with you.
You were not hungry.

You visited 1 branch of the dungeon, and saw 12 of its levels.

You collected 277 gold pieces.

Inventory:

Hand Weapons
 e - a +2 whip of venom (weapon)
 f - a +0 mace
 o - a +0 blowgun
 w - a +1 flail of protection
Missiles
 p - 13 poisoned needles
 t - 3 javelins
 u - 5 tomahawks (quivered)
Armour
 c - the +2 pair of gloves "Pedu" (worn) {Dex+3}
   (You found it on level 7 of the Dungeon)

   It affects your dexterity (+3).
 g - a +0 ring mail (worn)
 n - a +0 helmet (worn)
 r - the +15 Maxwell's patent armour {-Cast -Tele rElec MR+ rCorr}
   (You found it on level 11 of the Dungeon)

   It insulates you from electricity.
   It affects your resistance to hostile enchantments.
   It prevents spellcasting.
   It prevents most forms of teleportation.
   It protects you from acid and corrosion.
 x - a +0 cloak (worn)
 z - a +0 pair of boots (worn)
Jewellery
 j - a ring of protection from magic (left hand)
Wands
 k - a wand of enslavement (0/24)
Scrolls
 a - 2 scrolls of recharging {unknown}
 d - a scroll of random uselessness {unknown}
 h - 7 scrolls of teleportation {unknown}
 i - 2 scrolls of immolation {unknown}
 l - a scroll of fog {unknown}
 m - 2 scrolls of amnesia {unknown}
 q - 2 scrolls of enchant weapon {unknown}
 s - 2 scrolls of enchant armour
 v - a scroll of acquirement {unknown}
 y - a scroll of magic mapping {unknown}
Books
 b - a book of Necromancy

   Spells                             Type                      Level
   a - Pain                           Necromancy                   1
   b - Animate Skeleton               Necromancy                   1
   c - Vampiric Draining              Necromancy                   3
   d - Regeneration                   Charms/Necromancy            3
   e - Animate Dead                   Necromancy                   4
   f - Control Undead                 Necromancy                   4


   Skills:
 + Level 2.5(7.5) Fighting
 + Level 4.3(9.3) Maces & Flails
 + Level 2.8(7.8) Dodging
 - Level 1.5(6.5) Stealth
 - Level 4.1 Spellcasting
 - Level 8.3 Necromancy
 * Level 1.4 Translocations
 + Level 4.0 Invocations


You had one spell level left.
You knew the following spells:

 Your Spells              Type           Power        Failure   Level  Hunger
a - Pain                  Necr           ####         1%          1    N/A
b - Vampiric Draining     Necr           ####......   3%          3    N/A
c - Animate Dead          Necr           N/A          12%         4    N/A
d - Blink                 Tloc           N/A          28%         2    N/A
e - Apportation           Tloc           #.........   17%         1    N/A
f - Passage of Golubria   Tloc           N/A          98%         4    N/A

Dungeon Overview and Level Annotations

Branches:
Dungeon (12/15)            Temple (0/1) D:7             Orc (0/2) D:12
   Lair: D:8-11

Altars:
Ashenzari
Gozag
Kikubaaqudgha
Nemelex Xobeh
Okawaru
Pakellas

Annotations:
D:2 Sigmund
D:4 Duffy's ghost, novice SpEn
D:9 Daviar's ghost, novice SpAs
D:11 Fannar


Innate Abilities, Weirdness & Mutations

You do not eat or drink.
Your flesh is vulnerable to fire.
You are immune to poison.
Your flesh is cold resistant.
You are immune to negative energy.
You are immune to unholy pain and torment.
You can survive without breathing.


Message History

The ice beast resists with some effort.
This wand has 0 charges left.
The ice beast completely misses you.
The hill giant hits you with a giant club!
Unknown command.
Evoke which item? (* to show all) (? for menu, Esc to quit)
This wand has no charges.
Unknown command.
Read which item? (? for menu, Esc to quit)
Okay, then.
You can't drink.
Unknown command.
Evoke which item? (* to show all) (? for menu, Esc to quit)
Okay, then.
You whack the hill giant!
The hill giant is lightly wounded.
You completely miss the hill giant.
The hill giant is lightly wounded.
The ice beast misses you.
The hill giant hits you with a giant club!!
You die...

#...###..###.#.#..#
#.........oC.#....#
#...###..######.###
#.........# #.#
#.........# #.#
##.#####..# #o# #
#..# #.# #..#####.#
#....Y@Co#
...######## ##


You could see a hill giant, an ice beast and an orc.

Vanquished Creatures
  A hippogriff (D:11)
  A sky beast (D:9)
  A wasp (D:11)
  An ice beast (D:5)
  2 centaurs
  A giant frog (D:8)
  A gnoll sergeant (D:7)
  2 scorpions
  5 wights (D:9)
  A centaur zombie (D:8)
  An orc priest (D:4)
  A crimson imp (D:7)
  A giant frog skeleton (D:5)
  3 hounds
  3 jellies (D:7)
  2 centaur skeletons
  3 worker ants
  3 iguanas
  An orc wizard (D:3)
  10 adders
  6 gnolls
  An ooze (D:3)
  An adder skeleton (D:8)
  3 worms
  3 giant geckos
  6 orcs
  2 ball pythons
  5 bats
  2 goblins
  6 hobgoblins
  15 jackals
  2 quokkas
  7 giant cockroaches
  8 giant newts
  8 kobolds
  A quokka zombie (D:7)
  10 rats
130 creatures vanquished.

Vanquished Creatures (collateral kills)
  A kobold (D:2)
  A giant newt (D:2)
2 creatures vanquished.

Grand Total: 132 creatures vanquished

Notes
Turn   | Place    | Note
--------------------------------------------------------------
     0 | D:1      | 4thArraOfDagon the Mummy Necromancer began the quest for the Orb.
     0 | D:1      | Reached XP level 1. HP: 13/13 MP: 3/3
   149 | D:2      | Noticed Sigmund
   197 | D:1      | Reached XP level 2. HP: 11/19 MP: 0/5
   442 | D:2      | Found an iron altar of Okawaru.
   448 | D:2      | Became a worshipper of Warmaster Okawaru
   449 | D:2      | ok
   449 | D:2      | we are at it again
   458 | D:2      | AGAIN
   458 | D:2      | ...
   544 | D:1      | Reached XP level 3. HP: 24/24 MP: 1/6
   549 | D:1      | Learned a level 3 spell: Vampiric Draining
   647 | D:2      | Reached skill level 5 in Necromancy
   771 | D:2      | Found an oddly glowing altar of Pakellas.
   785 | D:2      | Reached skill level 1 in Maces & Flails
   968 | D:3      | Reached XP level 4. HP: 21/30 MP: 7/7
  1103 | D:3      | Found an ancient bone altar of Kikubaaqudgha.
  1568 | D:4      | Reached XP level 5. HP: 29/35 MP: 6/8
  1644 | D:4      | Learned a level 4 spell: Animate Dead
  1708 | D:4      | Reached skill level 6 in Necromancy
  2230 | D:4      | Noticed Duffy's ghost (novice SpEn)
  2272 | D:5      | Entered Level 5 of the Dungeon
  2298 | D:5      | Noticed an ice beast
  2326 | D:5      | Killed an ice beast
  2326 | D:5      | Reached * piety under Okawaru
  2326 | D:5      | Reached XP level 6. HP: 37/41 MP: 3/10
  2375 | D:4      | Found an opulent altar of Gozag.
  2538 | D:6      | You fall through a shaft!
  2571 | D:7      | Reached skill level 1 in Invocations
  2611 | D:8      | Reached skill level 7 in Necromancy
  2611 | D:8      | Reached XP level 7. HP: 37/46 MP: 11/11
  2808 | D:8      | Found a shattered altar of Ashenzari.
  2923 | D:7      | Reached ** piety under Okawaru
  2935 | D:7      | Got a pair of translucent gloves
  2980 | D:7      | Found a staircase to the Ecumenical Temple.
  3162 | D:7      | Reached XP level 8. HP: 46/52 MP: 8/13
  3223 | D:7      | Identified the +2 pair of gloves "Pedu" {Dex+3} (You found it on level 7 of the Dungeon)
  3264 | D:8      | Found a sparkling altar of Nemelex Xobeh.
  3285 | D:8      | Reached skill level 8 in Necromancy
  3397 | D:9      | Found a sparkling altar of Nemelex Xobeh.
  3497 | D:9      | Noticed Daviar's ghost (novice SpAs)
  3504 | D:10     | Entered Level 10 of the Dungeon
  3507 | D:10     | Noticed a centaur skeleton
  3524 | D:10     | Killed a centaur skeleton
  3569 | D:11     | Learned a level 2 spell: Blink
  3571 | D:11     | Learned a level 1 spell: Apportation
  3576 | D:11     | Learned a level 4 spell: Passage of Golubria
  3613 | D:11     | Reached *** piety under Okawaru
  3653 | D:11     | Reached skill level 1 in Translocations
  3869 | D:11     | Reached XP level 9. HP: 26/62 MP: 2/15
  3953 | D:11     | Noticed Fannar
  4027 | D:12     | Found a staircase to the Orcish Mines.
  4050 | D:12     | Noticed an orc knight
  4052 | D:12     | Noticed a hill giant
  4173 | D:11     | meh
  4199 | D:11     | Noticed a red ugly thing
  4200 | D:11     | Noticed a hill giant
  4224 | D:11     | You fall through a shaft!
  4225 | D:12     | meh
  4227 | D:12     | Noticed a hill giant
  4235 | D:12     | Noticed a manticore
  4254 | D:12     | Slain by a hill giant

Vault maps used:
D:1:      lightli_arrival_chessboard, serial_bayou_lake_a
D:2:      marbit_many_paths, okawaru_gym_becter, grunt_ministairs_1,
          grunt_pakellas_sulfur, uniq_sigmund
D:3:      nicolae_overflow_hidden_temple
D:4:      kennysheep_mini_moat, minmay_close_crescents
D:5:      first_bread
D:6:      old_standard_altar
D:7:      minmay_temple_entry_mist, wad_floor_pattern_untrapped
D:8:      nemelex_xobeh_ov_fountains_minmay, basic_altar
D:9:      trog_ov_bears_minmay, due_lair_maze_entry_diamond, basic_altar,
          hangedman_decor_opposing, hangedman_fish_farm, hangedman_misty_isle,
          uniq_maurice
D:10:     nicolae_wwwww, minmay_stone_trees_small, xom_teletrap_fun
D:11:     st_stairs_9, uniq_fannar
D:12:     orc_david_3, grunt_ministairs_7

Action                   |  1- 3 |  4- 6 |  7- 9 || total
-------------------------+-------+-------+-------++-------
Melee: Whip              |    75 |   171 |   138 ||   384
       Mace              |       |     2 |       ||     2
       Flail             |       |       |    54 ||    54
 Fire: Blowgun           |       |       |    10 ||    10
 Cast: Pain              |    50 |    13 |     6 ||    69
       Vampiric Draining |       |     6 |     8 ||    14
       Animate Dead      |       |       |     3 ||     3
Invok: Heroism           |       |     1 |     2 ||     3
Evoke: Wand              |     1 |       |     5 ||     6
  Use: Scroll            |     2 |     3 |     3 ||     8
 Stab: Sleeping          |     1 |       |     1 ||     2
